 Dungeon Crawl Stone Soup version 0.23.2-30-g0e89c35649 (webtiles) character file.

Game seed: 4055916366487410447

1144 DildoBatman the Stinger (level 8, 0/52 HPs)
             Began as a Formicid Wizard on June 17, 2019.
             Succumbed to an adder's poison
             ... in the Ecumenical Temple.
             The game lasted 00:18:40 (5678 turns).

DildoBatman the Stinger (Formicid Wizard)           Turns: 5678, Time: 00:18:41

Health: 0/52       AC:  6    Str: 12    XL:     8   Next: 64%
Magic:  8/12       EV: 11    Int: 20    God:
Gold:   249        SH:  0    Dex:  9    Spells: 6/13 levels left

rFire    + . .     SeeInvis +   a - +2 spear (pierce)
rCold    + . .     Gourm    .   (no shield)
rNeg     . . .     Faith    .   H - +1 leather armour {rC+}
rPois    .         Spirit   .   (helmet unavailable)
rElec    .         Reflect  .   q - +0 cloak (curse)
rCorr    .         Harm     .   (no gloves)
MR       .....                  B - +0 pair of boots
Stlth    ++........             (no amulet)
HPRegen  0.17/turn              x - ring of protection from fire
MPRegen  0.13/turn              C - ring of flight

@: lethally poisoned (0 -> -14), very slightly contaminated
A: permanent stasis, dig shafts and tunnels, four strong arms, antennae 3
a: Dig, Shaft Self, Evoke Flight


You were in the Ecumenical Temple.
You were hungry.

You visited 2 branches of the dungeon, and saw 7 of its levels.

You collected 263 gold pieces.
You spent 14 gold pieces at shops.

Inventory:

Hand Weapons
 a - a +2 spear of piercing (weapon)
 b - a +0 hunting sling
 e - a +0 blowgun
 f - a +0 dagger of electrocution
Missiles
 d - 68 arrows
 h - 8 javelins (quivered)
 k - 172 stones
 l - 74 sling bullets
 o - 4 tomahawks
 s - 13 bolts
 w - 46 poisoned needles
Armour
 q - a cursed +0 cloak (worn)
 B - a +0 pair of boots (worn)
 E - a +0 shield
 H - a +1 leather armour of cold resistance (worn)
Jewellery
 x - a ring of protection from fire (left hand)
 C - a ring of flight (right hand)
Scrolls
 i - a scroll of random uselessness {unknown}
 j - 5 scrolls of teleportation {unknown}
 n - a scroll of enchant weapon {unknown}
 r - 4 scrolls of identify {unknown}
 t - a scroll of amnesia {unknown}
 y - a scroll of magic mapping {unknown}
 D - a scroll of remove curse {unknown}
 G - 2 scrolls of fog {unknown}
Potions
 c - a potion of magic {unknown}
 g - 3 potions of curing {unknown}
 m - a potion of brilliance {unknown}
 p - 2 potions of invisibility {unknown}
 u - a potion of haste {unknown}
Comestibles
 v - 8 rations


   Skills:
 * Level 0.0 Fighting
 * Level 0.0 Polearms
 * Level 0.0 Armour
 * Level 1.7 Dodging
 * Level 2.4 Stealth
 * Level 3.2 Spellcasting
 - Level 5.0 Conjurations
   Level 1.0 Summonings
   Level 0.8 Translocations
 - Level 4.0 Fire Magic
 * Level 3.7 Air Magic
 * Level 6.0 Poison Magic


You had 6 spell levels left.
You knew the following spells:

 Your Spells              Type           Power        Failure   Level  Hunger
a - Conjure Flame         Conj/Fire      ###.....     9%          3    ###....
c - Magic Dart            Conj           ###.         2%          1    None
e - Mephitic Cloud        Conj/Pois/Air  ###.....     7%          3    ###....

Your spell library contained the following spells:

 Spells                   Type           Power        Failure   Level  Hunger
 Call Imp                 Summ           #.......     19%         2    ##.....
 Slow                     Hex            #.......     26%         2    ##.....
 Venom Bolt               Conj/Pois      ####......   45%         5    ######.
 Bolt of Magma            Conj/Fire/Erth ###.......   82%         5    ######.
 Iskenderun's Battlesphe  Conj/Chrm      ##......     87%         5    ######.
 Iron Shot                Conj/Erth      ##........   100%        6    #######
 Orb of Destruction       Conj           ###.......   100%        7    #######
 Spellforged Servitor     Conj/Summ      ###.......   100%        7    #######
 Blink                    Tloc           Unusable     N/A         2    N/A

Dungeon Overview and Level Annotations

Branches:
Dungeon (6/15)             Temple (1/1) D:6

Altars:
Ashenzari
Cheibriados
Dithmenos
Elyvilon
Gozag
Hepliaklqana
Makhleb
Nemelex Xobeh
Okawaru
Ru
Sif Muna
Trog
Wu Jian
Yredelemnul
Zin

Shops:
D:5 }=}?[

Annotations:
D:1 Terence
D:2 exclusions: adder and 1 more exclusion
D:3 3 runed translucent doors, Ananasrisotto's ghost, amateur OpEn
D:4 1 exclusion


Innate Abilities, Weirdness & Mutations

You cannot be hasted, slowed, berserked, paralysed or teleported.
You can dig through walls and to a lower floor.
Your four strong arms can wield two-handed weapons with a shield.
You have a pair of large antennae on your head. (SInv)


Message History

Press: ? - help, Shift-Dir - straight line, f/p - adder
Aim: an adder (severely wounded)
The magic dart hits the adder.
The adder is almost dead.
You feel sick. The adder completely misses you.
Casting: Magic Dart (safe; 2% risk of failure)
Confirm with . or Enter, or press ? or * to list all spells.
Aiming: Magic Dart (safe; 2% risk of failure)
Press: ? - help, Shift-Dir - straight line, f/p - adder
Aim: an adder (almost dead)
The magic dart hits the adder but does no damage.
The adder is almost dead.
You feel sick. The adder bites you.
You are more poisoned.
The adder poisons you!
You closely miss the adder.
The adder is almost dead.
You die...

≈≈≈≈≈≈≈≈≈≈≈≈≈≈≈≈≈≈≈≈≈≈≈≈≈≈≈≈≈≈≈≈≈
≈≈≈≈.........................≈≈≈≈
.................................
................8................
._............................._.
........_..............._........
.................................
.................................
...._...........@..........._....
................S................
.................................
........_..............._........
._............................._.
................_................
.................................
≈≈≈≈.........................≈≈≈≈
≈≈≈≈≈≈≈≈≈≈≈≈≈≈≈≈≈≈≈≈≈≈≈≈≈≈≈≈≈≈≈≈≈


You could see an adder.

Vanquished Creatures
  5 ogres
  A scorpion (D:6)
  2 howler monkeys (D:5)
  A crimson imp (D:6)
  An orc priest (D:3)
  A centaur skeleton (D:5)
  2 hounds
  2 bullfrog skeletons
  A jelly (D:5)
  3 worker ants
  2 orc wizards
  A howler monkey zombie (D:4)
  A worker ant zombie (D:6)
  4 gnolls
  7 adders
  An adder skeleton (D:4)
  2 worms
  4 dart slugs
  6 leopard geckos
  9 orcs
  4 ball pythons
  4 giant cockroaches
  11 goblins
  8 hobgoblins
  8 jackals
  3 quokkas (D:4)
  A ball python zombie (D:5)
  3 bats
  6 frilled lizards
  A jackal skeleton (D:5)
  7 kobolds
  2 quokka skeletons
  12 rats
126 creatures vanquished.

Notes
Turn   | Place    | Note
-------+----------+-------------------------------------------
     0 | D:1      | DildoBatman the Formicid Wizard began the quest for the
                  | Orb.
     0 | D:1      | Reached XP level 1. HP: 13/13 MP: 4/4
    19 | D:1      | Reached skill level 1 in Conjurations
   139 | D:1      | Reached XP level 2. HP: 6/19 MP: 0/6
   461 | D:1      | Reached XP level 3. HP: 24/24 MP: 3/7
   466 | D:1      | Learned a level 3 spell: Conjure Flame
   470 | D:1      | Learned a level 3 spell: Mephitic Cloud
   912 | D:2      | Noticed Terence
  1060 | D:2      | Reached XP level 4. HP: 28/30 MP: 5/8
  1126 | D:2      | Found an iron altar of Okawaru.
  1435 | D:2      | Reached XP level 5. HP: 35/35 MP: 6/9
  2313 | D:3      | Found a runed translucent gate.
  2314 | D:3      | Found an iron altar of Okawaru.
  2324 | D:3      | Found a runed translucent gate.
  2325 | D:3      | Found a runed translucent gate.
  2475 | D:3      | Reached XP level 6. HP: 35/41 MP: 4/10
  2560 | D:3      | Reached skill level 5 in Conjurations
  2646 | D:3      | Reached skill level 1 in Poison Magic
  2798 | D:3      | Noticed Ananasrisotto's ghost (amateur OpEn)
  3285 | D:4      | Reached skill level 1 in Fire Magic
  3369 | D:4      | Reached skill level 1 in Air Magic
  3441 | D:4      | Reached skill level 2 in Poison Magic
  3631 | D:4      | Noticed an ogre
  3653 | D:4      | Killed an ogre
  3653 | D:4      | Reached XP level 7. HP: 46/46 MP: 1/11
  3868 | D:5      | Entered Level 5 of the Dungeon
  3875 | D:5      | Reached skill level 3 in Poison Magic
  4117 | D:5      | Found a white marble altar of Elyvilon.
  4210 | D:5      | HP: 1/46 [orc wizard/+0 dagger of electrocution (18)]
  4532 | D:5      | Reached skill level 4 in Poison Magic
  4581 | D:5      | Reached XP level 8. HP: 52/52 MP: 4/12
  4730 | D:5      | Found Vuuq's Gadget Shop.
  4737 | D:5      | Found Zahukh's Jewellery Shoppe.
  4819 | D:5      | Found Zisti Rata's Gadget Emporium.
  4901 | D:5      | Found Geph's Antique Armour Shop.
  4985 | D:5      | Found Pitwibem's Magic Scroll Emporium.
  4988 | D:5      | Bought a scroll of noise for 14 gold pieces
  5079 | D:5      | Reached skill level 5 in Poison Magic
  5421 | D:6      | Reached skill level 6 in Poison Magic
  5508 | D:6      | Found a staircase to the Ecumenical Temple.
  5514 | Temple   | Entered the Ecumenical Temple
  5677 | Temple   | HP: 1/52 [adder (5)]
  5678 | Temple   | Succumbed to an adder's poison

Skill      XL: |  1  2  3  4  5  6  7  8 |
---------------+-------------------------+-----
Conjurations   | 1 2 3 4 5 |  5.0
Poison Magic   | 2 4 6 |  6.0
Fire Magic     | 2 3 4 |  4.0
Air Magic      | 1 2 3 |  3.7
Dodging        | |  1.7
Stealth        | |  2.4
Spellcasting   | |  3.2
Summonings     | |  1.0
Translocations | |  0.8

Action                   |  1- 3 |  4- 6 |  7- 9 || total
-------------------------+-------+-------+-------++-------
Melee: Unarmed           |     5 |       |       ||     5
       Dagger            |    33 |    64 |    47 ||   144
       Spear             |       |       |    55 ||    55
 Fire: Hunting sling     |       |    12 |     9 ||    21
 Cast: Magic Dart        |    58 |   118 |    43 ||   219
       Mephitic Cloud    |     1 |     6 |    16 ||    23
       Conjure Flame     |       |     4 |     9 ||    13
 Abil: Dig               |     2 |     9 |     4 ||    15
 Stab: Confused          |       |     3 |     4 ||     7
       Sleeping          |       |       |     1 ||     1
  Eat: Chunk             |     1 |     9 |     9 ||    19
Armor: Robe              |     4 |    10 |     9 ||    23
       Leather armour    |       |       |    17 ||    17
Dodge: Dodged            |    32 |    50 |    59 ||   141
